TOP OF THE 1ST |
Madawaska Valley HS Wolves batting - Pitching for John Jay HS Patriots : LHP Brad Buck
|
Pitching: LHP Brad Buck
|
|
Batting: RHB Bob Colbert
|
0-0: Called Strike 0-1: Ball 1-1: SINGLE (Groundball, 6MD)
|
Batting: RHB David Simmons
|
0-0: Ball 1-0: DOUBLE (Flyball, 78D) Bob Colbert to third
|
Batting: LHB Carl Childs
|
0-0: Ball 1-0: Ball 2-0: 3-RUN HOME RUN (Flyball, 9LD), Distance : 340 ft
|
Batting: LHB Ricardo Carrillo
|
0-0: Foul Ball, location: 2F 0-1: Ball 1-1: Foul Ball, location: 2F 1-2: Ball 2-2: Strikes out swinging
|
Batting: RHB Alberto Flores
|
0-0: Ball 1-0: Ball 2-0: Foul Ball, location: 2F 2-1: Ball 3-1: Foul Ball, location: 2F 3-2: Base on Balls
|
Batting: SHB Robert Bradshaw
|
0-0: Called Strike 0-1: Ball 1-1: Ball 2-1: SINGLE (Flyball, 7S) Alberto Flores to second
|
Batting: RHB Adam Carpenter
|
0-0: Called Strike 0-1: SINGLE (Flyball, 8RS) Alberto Flores to third Robert Bradshaw to second Runner from 3rd tries for Home, SAFE, throw made home Robert Bradshaw to third Adam Carpenter to second
|
Batting: SHB Gordon Beatty
|
0-0: Ball 1-0: Foul Ball, location: 2F 1-1: Called Strike 1-2: Foul Ball, location: 2F 1-2: Strikes out swinging
|
Batting: RHB Brandon Little
|
0-0: Called Strike 0-1: Ball 1-1: Ball 2-1: Ball 3-1: Base on Balls
|
Batting: RHB Bob Colbert
|
0-0: Called Strike 0-1: Fielders Choice at 2nd, 6-4 (Groundball, 6)
|
Top of the 1st over - 4 run(s), 5 hit(s), 0 error(s), 2 left on base; Madawaska Valley HS 4 - John Jay HS 0 |
BOTTOM OF THE 1ST |
John Jay HS Patriots batting - Pitching for Madawaska Valley HS Wolves : RHP Jeff Thomas
|
Pitching: RHP Jeff Thomas
|
|
Batting: RHB Nick Carter
|
0-0: Ball 1-0: Ball 2-0: SINGLE (Line Drive, 78S)
|
Batting: LHB Jeff Egbert
|
0-0: Ball 1-0: Ground out U3 (Groundball, 34) Nick Carter to second
|
Batting: RHB Gunnar Wallace
|
0-0: Ball 1-0: SINGLE (Line Drive, 6MD) Nick Carter to third Runner from 3rd tries for Home, SAFE, no throw
|
Batting: LHB Dean Kelly
|
0-0: Ball 1-0: Ball 2-0: Called Strike 2-1: Foul Ball, location: 2F 2-2: Foul Ball, location: 2F 2-2: Ball 3-2: Base on Balls Gunnar Wallace to second
|
Batting: RHB Kevin Hawkins
|
0-0: Called Strike 0-1: Fly out, F4 (Line Drive, 4)
|
Batting: RHB Ronald Cleveland
|
0-0: Ball 1-0: Foul Ball, location: 2F 1-1: Called Strike 1-2: Strikes out swinging
|
Bottom of the 1st over - 1 run(s), 2 hit(s), 0 error(s), 2 left on base; Madawaska Valley HS 4 - John Jay HS 1 |
TOP OF THE 2ND |
Madawaska Valley HS Wolves batting - Pitching for John Jay HS Patriots : LHP Brad Buck
|
Batting: RHB David Simmons
|
0-0: Ball 1-0: Ball 2-0: Ball 3-0: Called Strike 3-1: Foul Ball, location: 2F 3-2: Strikes out looking
|
Batting: LHB Carl Childs
|
0-0: Fly out, F7 (Flyball, 7S)
|
Batting: LHB Ricardo Carrillo
|
0-0: Called Strike 0-1: Ball 1-1: Swinging Strike 1-2: Foul Ball, location: 2F 1-2: Ball 2-2: Foul Ball, location: 2F 2-2: Ball 3-2: Strikes out swinging
|
Top of the 2nd over - 0 run(s), 0 hit(s), 0 error(s), 0 left on base; Madawaska Valley HS 4 - John Jay HS 1 |
BOTTOM OF THE 2ND |
John Jay HS Patriots batting - Pitching for Madawaska Valley HS Wolves : RHP Jeff Thomas
|
Batting: SHB António Villa
|
0-0: Called Strike 0-1: SINGLE (Groundball, 6D)
|
Batting: SHB Oliver Miles
|
0-0: Ball 1-0: Foul Ball, location: 2F 1-1: Ball 2-1: Ball 3-1: Swinging Strike 3-2: Foul Ball, location: 2F 3-2: Strikes out looking
|
Batting: RHB Ken Williams
|
0-0: SINGLE (Line Drive, 4D) António Villa to second
|
Batting: RHB Nick Carter
|
0-0: Called Strike 0-1: Fly out, F3 (Flyball, 34D)
|
Batting: LHB Jeff Egbert
|
0-0: Ball 1-0: Called Strike 1-1: DOUBLE (Groundball, 5L) António Villa scores Ken Williams to third Runner from 3rd tries for Home, SAFE, no throw
|
Batting: RHB Gunnar Wallace
|
0-0: Ball 1-0: Fly out, F9 (Flyball, 9LSF)
|
Bottom of the 2nd over - 2 run(s), 3 hit(s), 0 error(s), 1 left on base; Madawaska Valley HS 4 - John Jay HS 3 |
TOP OF THE 3RD |
Madawaska Valley HS Wolves batting - Pitching for John Jay HS Patriots : LHP Brad Buck
|
Batting: RHB Alberto Flores
|
0-0: Swinging Strike 0-1: Swinging Strike 0-2: Reached on error, E5 (Groundball, 56)
|
Batting: SHB Robert Bradshaw
|
0-0: Foul Ball, location: 2F 0-1: Grounds out, U3 (Groundball, 3L)
|
Batting: RHB Adam Carpenter
|
0-0: Ball 1-0: Ground out 1-3 (Groundball, P) Alberto Flores to third
|
Batting: SHB Gordon Beatty
|
0-0: Ball 1-0: Called Strike 1-1: Swinging Strike 1-2: Foul Ball, location: 2F 1-2: Strikes out swinging
|
Top of the 3rd over - 0 run(s), 0 hit(s), 1 error(s), 1 left on base; Madawaska Valley HS 4 - John Jay HS 3 |
BOTTOM OF THE 3RD |
John Jay HS Patriots batting - Pitching for Madawaska Valley HS Wolves : RHP Jeff Thomas
|
Batting: LHB Dean Kelly
|
0-0: Called Strike 0-1: Ball 1-1: Ball 2-1: Foul Ball, location: 2F 2-2: Strikes out swinging
|
Batting: RHB Kevin Hawkins
|
0-0: Foul Ball, location: 2F 0-1: Fly out, F3 (Line Drive, 3)
|
Batting: RHB Ronald Cleveland
|
0-0: Ball 1-0: Foul Ball, location: 2F 1-1: Ball 2-1: Ball 3-1: Called Strike 3-2: Base on Balls
|
Batting: SHB António Villa
|
0-0: Ball 1-0: Ball 2-0: Fly out, F8 (Flyball, 8RM)
|
Bottom of the 3rd over - 0 run(s), 0 hit(s), 0 error(s), 1 left on base; Madawaska Valley HS 4 - John Jay HS 3 |
TOP OF THE 4TH |
Madawaska Valley HS Wolves batting - Pitching for John Jay HS Patriots : LHP Brad Buck
|
Batting: RHB Brandon Little
|
0-0: Ball 1-0: Swinging Strike 1-1: Ball 2-1: Ball 3-1: Base on Balls
|
Batting: RHB Bob Colbert
|
0-0: Ball 1-0: Called Strike 1-1: Ball 2-1: Fly out, F9 (Flyball, 9S)
|
Batting: RHB David Simmons
|
0-0: Called Strike 0-1: Ball 1-1: Swinging Strike 1-2: Strikes out looking
|
Batting: LHB Carl Childs
|
0-0: Called Strike 0-1: Fly out, F7 (Flyball, 78M)
|
Top of the 4th over - 0 run(s), 0 hit(s), 0 error(s), 1 left on base; Madawaska Valley HS 4 - John Jay HS 3 |
BOTTOM OF THE 4TH |
John Jay HS Patriots batting - Pitching for Madawaska Valley HS Wolves : RHP Jeff Thomas
|
Batting: SHB Oliver Miles
|
0-0: Ball 1-0: Ball 2-0: Ball 3-0: Base on Balls
|
Batting: RHB Ken Williams
|
0-0: Swinging Strike 0-1: Ball 1-1: Ball 2-1: Foul Ball, location: 2F 2-2: Strikes out swinging
|
Batting: RHB Nick Carter
|
0-0: Called Strike 0-1: Ball 1-1: Ball 2-1: Foul Ball, location: 2F 2-2: Foul Ball, location: 2F 2-2: Ball 3-2: Strikes out swinging
|
Batting: LHB Jeff Egbert
|
0-0: Ball 1-0: Swinging Strike 1-1: Ball Oliver Miles is caught stealing 2nd base
|
Bottom of the 4th over - 0 run(s), 0 hit(s), 0 error(s), 0 left on base; Madawaska Valley HS 4 - John Jay HS 3 |
TOP OF THE 5TH |
Madawaska Valley HS Wolves batting - Pitching for John Jay HS Patriots : LHP Brad Buck
|
Batting: LHB Ricardo Carrillo
|
0-0: Ball 1-0: Swinging Strike 1-1: Swinging Strike 1-2: Ball 2-2: Ball 3-2: SINGLE (Line Drive, 34D)
|
Pitching: RHP Arturo Martínez
|
|
Batting: RHB Alberto Flores
|
0-0: Ball 1-0: Called Strike 1-1: Foul Ball, location: 2F 1-2: Ball 2-2: Foul Ball, location: 2F 2-2: Foul Ball, location: 2F 2-2: Foul Ball, location: 2F 2-2: Grounds into double play, 6-4-3 (Groundball, 56D)
|
Batting: SHB Robert Bradshaw
|
0-0: Foul Ball, location: 2F 0-1: Ground out 5-3 (Groundball, 5S)
|
Top of the 5th over - 0 run(s), 1 hit(s), 0 error(s), 0 left on base; Madawaska Valley HS 4 - John Jay HS 3 |
BOTTOM OF THE 5TH |
John Jay HS Patriots batting - Pitching for Madawaska Valley HS Wolves : RHP Jeff Thomas
|
Batting: LHB Jeff Egbert
|
0-0: Foul Ball, location: 2F 0-1: Swinging Strike 0-2: Hit by Pitch
|
Batting: RHB Gunnar Wallace
|
0-0: Ball 1-0: SINGLE (Line Drive, 5) Jeff Egbert to second
|
Batting: LHB Dean Kelly
|
0-0: Fielders Choice at 2nd, 5-4 (Groundball, 56) Jeff Egbert to third
|
Batting: RHB Kevin Hawkins
|
0-0: Called Strike 0-1: Ball 1-1: SINGLE (Flyball, 89S) Jeff Egbert scores Dean Kelly to second
|
Pitching: RHP Ray Travis
|
|
Batting: RHB Ronald Cleveland
|
0-0: Ball 1-0: SINGLE (Flyball, 9S) Dean Kelly to third Kevin Hawkins to second
|
Batting: SHB António Villa
|
0-0: Ball 1-0: Ball 2-0: Swinging Strike 2-1: Foul Ball, location: 2F 2-2: Strikes out swinging
|
Batting: SHB Oliver Miles
|
0-0: Ball 1-0: Swinging Strike 1-1: Foul Ball, location: 2F 1-2: Strikes out swinging
|
Bottom of the 5th over - 1 run(s), 3 hit(s), 0 error(s), 3 left on base; Madawaska Valley HS 4 - John Jay HS 4 |
TOP OF THE 6TH |
Madawaska Valley HS Wolves batting - Pitching for John Jay HS Patriots : RHP Arturo Martínez
|
Batting: RHB Adam Carpenter
|
0-0: Called Strike 0-1: Fly out, F8 (Line Drive, 89M)
|
Batting: SHB Gordon Beatty
|
0-0: Called Strike 0-1: Ball 1-1: Ball 2-1: Swinging Strike 2-2: Strikes out swinging
|
Batting: RHB Brandon Little
|
0-0: Called Strike 0-1: Ball 1-1: Ball 2-1: Foul Ball, location: 2F 2-2: Reached on error, E1 (Groundball, 13S)
|
Batting: RHB Bob Colbert
|
0-0: Foul Ball, location: 2F 0-1: Ball 1-1: Ground out 5-3 (Groundball, 56S)
|
Top of the 6th over - 0 run(s), 0 hit(s), 1 error(s), 1 left on base; Madawaska Valley HS 4 - John Jay HS 4 |
BOTTOM OF THE 6TH |
John Jay HS Patriots batting - Pitching for Madawaska Valley HS Wolves : RHP Ray Travis
|
Batting: RHB Ken Williams
|
0-0: Ball 1-0: DOUBLE (Groundball, 5L)
|
Batting: RHB Nick Carter
|
0-0: Swinging Strike 0-1: Ground out 5-3 (Groundball, 56S) Ken Williams to third
|
Batting: LHB Jeff Egbert
|
0-0: Ground out 5-3 (Groundball, 5)
|
Batting: RHB Gunnar Wallace
|
0-0: Ball 1-0: Foul Ball, location: 2F 1-1: SINGLE (Line Drive, 6MD) Ken Williams scores
|
Batting: LHB Dean Kelly
|
0-0: Swinging Strike 0-1: Called Strike 0-2: Ball 1-2: Ball 2-2: Ball 3-2: Foul Ball, location: 2F 3-2: Base on Balls Gunnar Wallace to second
|
Batting: RHB Kevin Hawkins
|
0-0: Ball 1-0: Ball 2-0: Called Strike 2-1: Ball 3-1: Base on Balls Gunnar Wallace to third Dean Kelly to second
|
Batting: RHB Ronald Cleveland
|
0-0: Ball 1-0: Foul Ball, location: 2F 1-1: Fielders Choice at 2nd, U4 (Groundball, 4M)
|
Bottom of the 6th over - 1 run(s), 2 hit(s), 0 error(s), 3 left on base; Madawaska Valley HS 4 - John Jay HS 5 |
TOP OF THE 7TH |
Madawaska Valley HS Wolves batting - Pitching for John Jay HS Patriots : RHP Arturo Martínez
|
Batting: RHB David Simmons
|
0-0: Called Strike 0-1: Ball 1-1: Ball 2-1: Ball 3-1: Foul Ball, location: 2F 3-2: Strikes out swinging
|
Pitching: LHP Orlando Pérez
|
|
Batting: LHB Carl Childs
|
0-0: Called Strike 0-1: Foul Ball, location: 2F 0-2: Ball 1-2: Fly out, F9 (Flyball, 9S)
|
Pitching: LHP Jim Douglas
|
|
Batting: LHB Ricardo Carrillo
|
0-0: Called Strike 0-1: Foul Ball, location: 2F 0-2: Foul Ball, location: 2F 0-2: Ball 1-2: Ball 2-2: Ball 3-2: Base on Balls
|
Batting: RHB Alberto Flores
|
0-0: Ball 1-0: Swinging Strike 1-1: Foul Ball, location: 2F 1-2: Ball 2-2: Ball 3-2: Foul Ball, location: 2F 3-2: Base on Balls Ricardo Carrillo to second
|
Batting: SHB Robert Bradshaw
|
0-0: Ball 1-0: Called Strike 1-1: Foul Ball, location: 2F 1-2: Strikes out swinging
|
Top of the 7th over - 0 run(s), 0 hit(s), 0 error(s), 2 left on base; Madawaska Valley HS 4 - John Jay HS 5 |
BOTTOM OF THE 7TH |
John Jay HS Patriots batting - Pitching for Madawaska Valley HS Wolves : RHP Ray Travis
|
Batting: SHB António Villa
|
0-0: Called Strike 0-1: Ball 1-1: Ball 2-1: Foul Ball, location: 2F 2-2: Ground out 4-3 (Groundball, 4)
|
Batting: SHB Oliver Miles
|
0-0: Swinging Strike 0-1: Ball 1-1: Foul Ball, location: 2F 1-2: Strikes out swinging
|
Batting: RHB Ken Williams
|
0-0: Ball 1-0: Foul Ball, location: 2F 1-1: Called Strike 1-2: Foul Ball, location: 2F 1-2: Fly out, F9 (Flyball, 89M)
|
Bottom of the 7th over - 0 run(s), 0 hit(s), 0 error(s), 0 left on base; Madawaska Valley HS 4 - John Jay HS 5 |
TOP OF THE 8TH |
Madawaska Valley HS Wolves batting - Pitching for John Jay HS Patriots : LHP Jim Douglas
|
Pitching: RHP Tim Baker
|
|
Batting: RHB Adam Carpenter
|
0-0: Ball 1-0: Ball 2-0: Fly out, F4 (Popup, 3D)
|
Batting: SHB Gordon Beatty
|
0-0: Called Strike 0-1: Foul Ball, location: 2F 0-2: Foul Ball, location: 2F 0-2: Ball 1-2: Fly out, F9 (Flyball, 9S)
|
Batting: RHB Brandon Little
|
0-0: Foul Ball, location: 2F 0-1: Swinging Strike 0-2: Ball 1-2: Ball 2-2: Strikes out swinging
|
Top of the 8th over - 0 run(s), 0 hit(s), 0 error(s), 0 left on base; Madawaska Valley HS 4 - John Jay HS 5 |
BOTTOM OF THE 8TH |
John Jay HS Patriots batting - Pitching for Madawaska Valley HS Wolves : RHP Ray Travis
|
Batting: RHB Nick Carter
|
0-0: Swinging Strike 0-1: Ball 1-1: Ball 2-1: Called Strike 2-2: Ball 3-2: Strikes out swinging
|
Pitching: LHP José Vázquez
|
|
Batting: LHB Jeff Egbert
|
0-0: Ball 1-0: Called Strike 1-1: Foul Ball, location: 2F 1-2: Strikes out looking
|
Batting: RHB Gunnar Wallace
|
0-0: Ball 1-0: Called Strike 1-1: Ball 2-1: Ground out 6-3 (Groundball, 6)
|
Bottom of the 8th over - 0 run(s), 0 hit(s), 0 error(s), 0 left on base; Madawaska Valley HS 4 - John Jay HS 5 |
TOP OF THE 9TH |
Madawaska Valley HS Wolves batting - Pitching for John Jay HS Patriots : RHP Tim Baker
|
Pitching: RHP José Ramírez
|
|
Batting: RHB Bob Colbert
|
0-0: SINGLE (Groundball, 6MD)
|
Batting: RHB David Simmons
|
0-0: Ball 1-0: Called Strike 1-1: Ball 2-1: SINGLE (Groundball, 4MD) Bob Colbert to second
|
Batting: LHB Carl Childs
|
0-0: Called Strike 0-1: Ball 1-1: Ball 2-1: Foul Ball, location: 2F 2-2: Ball 3-2: Foul Ball, location: 2F 3-2: Base on Balls Bob Colbert to third David Simmons to second
|
Batting: LHB Ricardo Carrillo
|
0-0: Foul Ball, location: 2F 0-1: Ball 1-1: Grounds into fielders choice 3-2 (Groundball, 3) David Simmons to third Carl Childs to second
|
Batting: RHB Alberto Flores
|
0-0: Ball 1-0: Called Strike 1-1: Swinging Strike 1-2: Ball 2-2: Ball 3-2: Strikes out swinging
|
Batting: SHB Robert Bradshaw
|
0-0: Fly out, F7 (Flyball, 7LS)
|
Top of the 9th over - 0 run(s), 2 hit(s), 0 error(s), 3 left on base; Madawaska Valley HS 4 - John Jay HS 5 |
|